 Dungeon Crawl Stone Soup version 0.29.1-12-g30fa7ad0bf (webtiles) character file.

Game seed: 16034395370152397495

716 112233 the Reanimator (level 7, -3/46 HPs)
             Began as a Mummy Necromancer on Dec 17, 2022.
             Slain by a sky beast (5 damage)
             ... on level 6 of the Dungeon.
             The game lasted 00:05:27 (4352 turns).

112233 the Reanimator (Mummy Necromancer)           Turns: 4352, Time: 00:05:28

Health: -3/46      AC:  2    Str: 11    XL:     7   Next: 41%
Magic:  0/11       EV: 12    Int: 17    God:
Gold:   300        SH:  0    Dex: 12    Spells: 7/11 levels left

rFire   x . .      SeeInvis .   j - +1 hand axe (vorpal)
rCold   + + .      Faith    .   (no shield)
rNeg    + + +      Spirit   .   a - +0 robe
rPois   ∞          Reflect  .   (no helmet)
rElec   .          Harm     .   (no cloak)
rCorr   .          Rampage  .   (no gloves)
Will    .....                   (no boots)
Stlth   ++........              (no amulet)
HPRegen 0.15/turn               b - ring of protection from cold
MPRegen 0.12/turn               (no ring)

@: no status effects
A: cold resistance 1, negative energy resistance 3, torment resistance 2, heat
vulnerability 1, in touch with death 1, no potions
a: no special abilities


You were on level 6 of the Dungeon.
You visited 2 branches of the dungeon, and saw 8 of its levels.

You collected 300 gold pieces.

Inventory:

Hand Weapons
 h - a +0 spear
 j - a +1 vorpal hand axe (weapon)
Missiles
 i - 6 datura-tipped darts
Armour
 a - a +0 robe (worn)
Jewellery
 b - a ring of protection from cold (left hand)
 k - a +6 ring of intelligence
 n - a ring of flight
Scrolls
 c - a scroll of enchant weapon
 d - 3 scrolls of identify
 f - a scroll of acquirement {unknown}
 g - 3 scrolls of teleportation {unknown}
 l - a scroll of amnesia {unknown}
 m - a scroll of brand weapon {unknown}


   Skills:
 - Level 1.5 Dodging
 - Level 1.5 Stealth
 - Level 2.6 Spellcasting
 + Level 9.2 Necromancy


You had 7 spell levels left.
You knew the following spells:

 Your Spells              Type           Power      Damage    Failure   Level
a - Necrotise             Necr           100%       1d9       1%          1
b - Vampiric Draining     Necr           50%        2d9       1%          3

Your spell library contained the following spells:

 Spells                   Type           Power      Damage    Failure   Level
 Animate Dead             Necr           50%        N/A       4%          4
 Agony                    Necr           50%        N/A       11%         5
 Shock                    Conj/Air       8%         1d3       19%         1
 Frozen Ramparts          Ice            4%         1d1       47%         3
 Portal Projectile        Hex/Tloc       4%         N/A       47%         3
 Swiftness                Air            2%         N/A       47%         3
 Tukima's Dance           Hex            2%         N/A       47%         3
 Airstrike                Air            1%         2d(1-17)  87%         4
 Animate Armour           Summ/Erth      4%         N/A       87%         4
 Summon Ice Beast         Ice/Summ       2%         N/A       87%         4
 Iron Shot                Conj/Erth      1%         9d1       100%        6
 Ice Form                 Ice/Tmut       Unusable   N/A       N/A         4
 Blade Hands              Tmut           Unusable   N/A       N/A         5

Dungeon Overview and Level Annotations

Branches:
Dungeon (7/15)             Temple (1/1) D:5

Altars:
Ashenzari
Cheibriados
Dithmenos
Gozag
Hepliaklqana
Kikubaaqudgha
Makhleb
Nemelex Xobeh
Qazlal
Ru
Sif Muna
Yredelemnul

Shops:
D:6 :

Annotations:
D:5 exclusion: upstairs, Ijyb


Innate Abilities, Weirdness & Mutations

You are immune to poison.
Your flesh is cold resistant. (rC+)
You are immune to negative energy. (rN+++)
You are immune to unholy pain and torment.
You are vulnerable to heat. (rF-)
You are in touch with the powers of death.
You do not drink.


Message History

You feel life coursing into your body. The orc closely misses you.
The orc barely misses you. The orc misses you. The orc hits you with a +0 club.
You climb upwards.
Something barely misses you.
There is a stone staircase leading down here.
Unknown command.
Casting: Vampiric Draining (safe; 1% risk of failure)
Confirm with . or Enter, or press ? or * to list all spells.
Aiming: Vampiric Draining (safe; 1% risk of failure)
Press: ? - help, Shift-Dir - straight line, f - orc
Aim: an orc, wielding a +0 club and wearing a +0 ring mail You feel a surge of power!
You draw life force from the orc!
You kill the orc!
You feel life coursing into your body. Something hits you.
Something shocks you.
Deactivating autopickup; reactivate with Ctrl-A.
The orc closely misses you.
You miss something. You hit the orc. Something hits you. Something shocks you.
The orc closely misses you. Something hits you. Something shocks you.
Casting: Vampiric Draining (safe; 1% risk of failure)
Confirm with . or Enter, or press ? or * to list all spells.
Aiming: Necrotise (safe; 1% risk of failure)
Press: ? - help, Shift-Dir - straight line, f - orc
Aim: an orc, wielding a +0 club and wearing a +0 ring mail of cold resistance (almost dead, chance to affect: 93%)
You feel a surge of power!
The orc writhes in agony!
You kill the orc!
The dead are walking!
Something hits you but does no damage.
As you read the scroll labelled SEESUFRYSKU, it crumbles to dust.
It is a scroll of identify.
c - a scroll of enchant weapon Something hits you.
* * * LOW HITPOINT WARNING * * *
Something shocks you.
* * * LOW HITPOINT WARNING * * *
Unknown command.
As you read the scroll labelled MAPNUORIEN, it crumbles to dust.
The scroll dissolves into smoke.
It was a scroll of fog.
Something hits you.
* * * LOW HITPOINT WARNING * * *
Something shocks you.
You die...

...................##.#...#.#
$...................#.#...#.#
.##.......................#.#
.........##.>#.##.....##..#.#
............................#
.##....####.##.#..#)#.##..#.#
.......####§##§..##)#.##..#.#
..........§§§Z§...)(.........
..#.......§§@{§.###..##......
......#####§##§####..........
...... ..§.............##.#
.....# ###.##.#.##..##..##.#
... ###....##..##.# ###
##...##..##.# ######....).
#####..##.# #..........


You could see a friendly orc skeleton.

Vanquished Creatures
  A water moccasin (D:6)
  A sky beast (D:7)
  A kobold brigand (D:6)
  2 scorpions (D:6)
  A howler monkey (D:7)
  An orc priest (D:7)
  An iguana (D:6)
  An orc wizard (D:4)
  11 adders
  A shadow imp (D:6)
  6 worms (D:3)
  17 orcs
  3 ball pythons
  7 bats
  2 endoplasms
  4 giant cockroaches
  3 goblins
  5 hobgoblins
  3 jackals (D:1)
  A quokka (D:3)
  2 frilled lizards (D:2)
  9 kobolds
  8 rats
91 creatures vanquished.

Notes
Turn   | Place    | Note
-------+----------+-------------------------------------------
     0 | D:1      | 112233 the Mummy Necromancer began the quest for the Orb.
     0 | D:1      | Reached XP level 1. HP: 13/13 MP: 4/4
   260 | D:1      | Reached XP level 2. HP: 19/19 MP: 3/5
   746 | D:2      | Reached skill level 5 in Necromancy
   771 | D:2      | Gained mutation: You are in touch with the powers of death.
                  | [Mummy growth]
   771 | D:2      | Reached XP level 3. HP: 24/24 MP: 5/7
  1233 | D:2      | Found a faded altar of an unknown god.
  1699 | D:3      | Found an opulent altar of Gozag.
  1818 | D:3      | Reached XP level 4. HP: 30/30 MP: 4/8
  1822 | D:3      | Learned a level 3 spell: Vampiric Draining
  2052 | D:3      | Reached skill level 6 in Necromancy
  2500 | D:3      | Reached XP level 5. HP: 35/35 MP: 7/9
  2971 | D:4      | Noticed a phantom
  2979 | D:5      | Entered Level 5 of the Dungeon
  3003 | D:5      | Found a staircase to the Ecumenical Temple.
  3026 | Temple   | Entered the Ecumenical Temple
  3111 | D:5      | Noticed Ijyb
  3215 | D:6      | Noticed a sky beast
  3231 | D:6      | Reached skill level 7 in Necromancy
  3331 | D:6      | Reached XP level 6. HP: 36/41 MP: 4/10
  3396 | D:7      | Found a basalt altar of Yredelemnul.
  3651 | D:7      | Reached skill level 8 in Necromancy
  3655 | D:7      | Noticed a sky beast
  3665 | D:7      | Killed a sky beast
  3670 | D:7      | Noticed an ice beast
  3736 | D:6      | Noticed a water moccasin
  3739 | D:6      | Killed a water moccasin
  3740 | D:6      | Reached XP level 7. HP: 46/46 MP: 1/11
  3937 | D:6      | Found Byrreaha's Tremendous Tomes.
  4052 | D:6      | Reached skill level 9 in Necromancy
  4066 | D:6      | Noticed a troll
  4352 | D:6      | HP: 2/46 [something (2)]
  4352 | D:6      | Slain by a sky beast

Illustrated notes

Levels and vault maps discovered:
D:1:      heliophobic_arrival_dark_side_of_the_moon, layout_rooms,
          grunt_decor_junction, minmay_pentomino_s2
D:2:      layout_basic, hellmonk_ecumenical_altar_arch_garden, minmay_bisected
D:3:      layout_basic, general_overflow_altar, lightli_sewer_entry_pipes
D:4:      layout_loops_ring, uniq_edmund
D:5:      layout_gridville, temple_pool_b, lightli_minifort, uniq_ijyb
D:6:      layout_basic, trog_butcher_becter, nicolae_wand_duel,
          nicolae_shop_i_like_big_books, minmay_splitting_lines
D:7:      lemuel_ratsnest, layout_loops_corners, yredelemnul_altar_generic,
          minmay_misc_feat_nine_boxes
Temple:   eino_wide_crystal_templ

Skill      XL: |  1  2  3  4  5  6  7 |
---------------+----------------------+-----
Necromancy     | 5 6 7 8 9 |  9.2
Dodging        | |  1.5
Stealth        | |  1.5
Spellcasting   | |  2.6

Action                   |  1- 3 |  4- 6 |  7- 9 || total
-------------------------+-------+-------+-------++-------
Melee: Unarmed           |     3 |       |       ||     3
       Hand axe          |       |    39 |    22 ||    61
       Punch             |       |     1 |       ||     1
 Cast: Necrotise         |    56 |    76 |    12 ||   144
       Vampiric Draining |       |    11 |    10 ||    21
  Use: Scroll            |       |       |     3 ||     3
 Stab: Sleeping          |     1 |       |       ||     1
Armor: Robe              |     3 |     8 |    14 ||    25
Dodge: Dodged            |    14 |    40 |    32 ||    86
